 Dungeon Crawl Stone Soup version 0.17-a0-1849-g8a24fa2 (webtiles) character file.

47 HiobMontag the Ducker (level 3, 0/15 HPs)
             Began as a Felid Transmuter on Sept 18, 2015.
             Slain by a wyvern skeleton (8 damage)
             ... on level 3 of the Dungeon.
             The game lasted 00:10:29 (1829 turns).

HiobMontag the Ducker (Felid Transmuter)            Turns: 1829, Time: 00:10:29

Health: 0/15       AC:  2    Str:  7    XL:     3   Next: 48%
Magic:  4/7        EV: 23    Int: 14    God:
Gold:   53         SH:  0    Dex: 21    Spells: 3 memorised, 1 level left
                                        Lives:  0   Deaths: 0

rFire  . . .     SeeInvis +       - Unarmed
rCold  . . .     Clarity  .     (armour unavailable)
rNeg   . . .     SustAt   .     (shield unavailable)
rPois  x         Gourm    .     (helmet unavailable)
rElec  .         Spirit   .     (cloak unavailable)
rCorr  .         Warding  .     (gloves unavailable)
rMut   .         Stasis   .     (boots unavailable)
MR     .....                    (no amulet)
Stlth  ++........               (no ring)
                                (no ring)

@: spider-form (expiring), not resistant to hostile enchantments, unstealthy
A: no armour, no weapons or thrown items, (claws 0), (fangs 0), see invisible,
carnivore 3, (speed 0), (shaggy fur 0), slow metabolism 1, (sharp paws)
a: End Transformation


You were on level 3 of the Dungeon.
You were not hungry.
You were a venomous arachnid creature.
You visited 1 branch of the dungeon, and saw 3 of its levels.

You collected 53 gold pieces.

Inventory:

Missiles
 a - 30 arrows
 g - 18 arrows of flame
Scrolls
 d - a scroll of enchant armour {unknown}
 e - 3 scrolls of remove curse {unknown}
 f - a scroll of amnesia
Books
 b - a book of Changes

   Spells                             Type                      Level
   a - Beastly Appendage              Transmutation                1
   b - Sticks to Snakes               Transmutation                2
   c - Spider Form                    Transmutation/Poison         3
   d - Ice Form                       Ice/Transmutation            4
   e - Blade Hands                    Transmutation                5
Comestibles
 c - 2 meat rations
 h - 6 chunks of flesh


   Skills:
 + Level 1.0 Fighting
 + Level 3.8 Dodging
 + Level 0.4 Stealth
 + Level 3.2 Unarmed Combat
 + Level 2.5 Spellcasting
 + Level 2.6 Transmutations


You had one spell level left.
You knew the following spells:

 Your Spells              Type           Power        Failure   Level  Hunger
a - Beastly Appendage     Trmt           #.....       24%         1    #......
b - Sticks to Snakes      Trmt           #.........   32%         2    ###....
c - Spider Form           Trmt/Pois      #.........   69%         3    ###....


Dungeon Overview and Level Annotations

Branches:
Dungeon (3/15)

Altars:
Kikubaaqudgha


Innate Abilities, Weirdness & Mutations

You cannot wear armour.
You are incapable of wielding weapons or throwing items.
((You have sharp claws.))
((You have razor-sharp teeth.))
You have supernaturally acute eyesight.
You are carnivorous and can eat meat at any time.
((You cover ground quickly.))
((You are covered in fur (AC +1).))
You have a slow metabolism.
((Your sharp claws are effective at attacking unaware monsters.))


Message History

Where to? (Enter - D:2, ? - help)
Your transformation is almost over.
Things that are here:
a club; a hobgoblin corpse Your horns disappear.
There is a stone staircase leading down here.
You climb downwards.
An adder and a skeleton come into view.
Found a leather armour.
There is a stone staircase leading up here.
Casting: Beastly Appendage
Confirm with . or Enter, or press ? or * to list all spells.
You turn into a venomous arachnid creature.
Your transformation is almost over.
The wyvern skeleton misses you.
You hit the wyvern skeleton. The wyvern skeleton misses you.
You hit the wyvern skeleton. The wyvern skeleton bites you!
You hit the wyvern skeleton. The wyvern skeleton bites you!
Ouch! That really hurt!
You die...

#.
#.####
#.....
..[.#
#...#
#..S#
#...#
#.Zs#
#...#
#..#.
...#
#.
...#
#.
.....
##
####


You could see an adder and a wyvern skeleton.

Vanquished Creatures
  An adder (D:2)
  A worm (D:2)
  A ball python (D:1)
  3 bats
  2 bat skeletons (D:2)
  2 bat zombies (D:2)
  2 giant cockroaches (D:2)
  3 hobgoblins (D:2)
  5 kobolds
  2 quokkas (D:2)
  A giant gecko (D:2)
  5 giant newts
  2 goblins
  4 rats
34 creatures vanquished.

Vanquished Creatures (collateral kills)
  A bat skeleton (D:2)
1 creature vanquished.

Grand Total: 35 creatures vanquished

Notes
Turn   | Place    | Note
--------------------------------------------------------------
     0 | D:1      | HiobMontag the Felid Transmuter began the quest for the Orb.
     0 | D:1      | Reached XP level 1. HP: 9/9 MP: 4/4
   243 | D:1      | Reached XP level 2. HP: 6/12 MP: 4/6
  1237 | D:2      | Learned a level 2 spell: Sticks to Snakes
  1444 | D:2      | Found an ancient bone altar of Kikubaaqudgha.
  1539 | D:2      | Reached XP level 3. HP: 15/15 MP: 3/7
  1800 | D:2      | Learned a level 3 spell: Spider Form
  1829 | D:3      | Slain by a wyvern skeleton

Vault maps used:
D:1:      tarquinn_simple_flora_water_b
D:2:      kennysheep_vampire_church, st_stairs_11
D:3:      lemuel_crystal_altar, grunt_temple_overflow_diamond, first_bread,
          uniq_natasha

Action                   || total
-------------------------++-------
Melee: Unarmed           ||    90
 Cast: Beastly Appendage ||    20
       Sticks to Snakes  ||     3
       Spider Form       ||     1
  Use: Scroll            ||     2
       Potion            ||     1
 Stab: Sleeping          ||     5
  Eat: Chunk             ||     1
